 Dungeon Crawl Stone Soup version 0.26-a0-651-gb41185065b (webtiles) character file.

Game seed: 6423003077331002888

3408 Apogee the Grappler (level 10, -11/91 HPs)
             Began as a Ghoul Monk on Oct 24, 2020.
             Was a Priest of Cheibriados.
             Mangled by an orc warrior
             ... wielding a +0 dire flail
              (17 damage)
             ... on level 7 of the Dungeon.
             The game lasted 00:16:36 (6023 turns).

Apogee the Grappler (Ghoul Monk)                    Turns: 6023, Time: 00:16:36

Health: -11/91     AC: 11    Str: 22 (26) XL:     10   Next: 4%
Magic:  9/9        EV:  9    Int:  8 (12) God:    Cheibriados [***...]
Gold:   500        SH:  5    Dex: 17 (18) Spells: 9/9 levels left

rFire    . . .     SeeInvis .     - Unarmed
rCold    + . .     Faith    .   (no shield)
rNeg     + + +     Spirit   .   f - +0 chain mail
rPois    ∞         Reflect  +   h - +0 helmet
rElec    .         Harm     .   (no cloak)
rCorr    .         Rampage  .   s - +1 pair of gloves
MR       .....                  (no boots)
Stlth    ..........             D - amulet of reflection
HPRegen  0.00/turn              q - ring of wizardry
MPRegen  0.11/turn              (no ring)

@: flying, very slow
A: rotting body, claws 1, cold resistance 1, negative energy resistance 3,
inhibited regeneration, torment resistance, unbreathing
a: Bend Time, Temporal Distortion, Renounce Religion


You were on level 7 of the Dungeon.
You worshipped Cheibriados.
Cheibriados was most pleased with you.
You visited 1 branch of the dungeon, and saw 7 of its levels.
You also visited: Ossuary.

You collected 500 gold pieces.

Inventory:

Hand Weapons
 i - the cursed +0 hunting sling of Infinite Pain {freeze, rPois rF+ MR++ Int-2}
   (You took it off an orc on level 7 of the Dungeon)

   It causes projectiles fired from it to freeze those they strike, causing
   extra injury to most foes and up to half again as much damage against
   particularly susceptible opponents.
   They can also slow down cold-blooded creatures.
   It affects your intelligence (-2).
   It protects you from fire.
   It protects you from poison.
   It affects your resistance to hostile enchantments.
   It has a curse placed upon it.
Armour
 a - a +0 robe
 f - a +0 chain mail (worn)
   (You found it on level 1 of the Dungeon)
 h - a +0 helmet (worn)
   (You took it off Robin on level 2 of the Dungeon)
 s - a +1 pair of gloves (worn)
   (You found it on level 4 of the Dungeon)
 x - the +15 Maxwell's patent armour {-Cast -Tele rElec MR+ rCorr}
   (You took it off an orc on level 7 of the Dungeon)

   It insulates you from electricity.
   It affects your resistance to hostile enchantments.
   It prevents spellcasting.
   It prevents most forms of teleportation.
   It provides partial protection from all sources of acid and corrosion.
Jewellery
 l - an uncursed amulet of magic regeneration {unknown}
   (You found it on level 3 of the Dungeon)
 q - a ring of wizardry (left hand)
   (You found it on level 4 of the Dungeon)
 z - the ring "Ikuanich" {rF+ Dex+4}
   (You took it off an orc on level 7 of the Dungeon)

   [ring of protection from fire]

   It affects your dexterity (+4).
   It protects you from fire.
 D - an amulet of reflection (around neck)
   (You took it off a gnoll on level 5 of the Dungeon)
 H - a cursed ring of teleportation {unknown}
   (You found it on level 6 of the Dungeon)
Wands
 m - a wand of enslavement (20)
   (You found it on level 3 of the Dungeon)
 t - a wand of flame (21)
   (You found it on level 6 of the Dungeon)
 v - a wand of digging (7)
   (You found it on level 6 of the Dungeon)
Scrolls
 b - 6 scrolls of enchant armour {unknown}
 d - 3 scrolls of enchant weapon {unknown}
 e - 2 scrolls of blinking {unknown}
 g - 2 scrolls of fear {unknown}
 j - 8 scrolls of identify {unknown}
 n - a scroll of random uselessness {unknown}
 o - 3 scrolls of teleportation {unknown}
 u - a scroll of immolation {unknown}
 w - a scroll of amnesia {unknown}
 y - 3 scrolls of fog {unknown}
 B - a scroll of summoning {unknown}
 E - 2 scrolls of noise {unknown}
 F - a scroll of holy word {unknown}
 G - 4 scrolls of remove curse {unknown}
 J - a scroll of vulnerability {unknown}
Potions
 c - a potion of curing {@q1}
 k - 2 potions of resistance
 p - a potion of mutation
 r - a potion of berserk rage
 I - a potion of lignification


   Skills:
 + Level 9.4 Fighting
 - Level 2.6 Dodging
 - Level 2.1 Stealth
 * Level 12.5 Unarmed Combat


You had 9 spell levels left.
You didn't know any spells.
Your spell library contained the following spells:

 Spells                   Type           Power        Failure   Level
 Magic Dart               Conj           #...         85%         1
 Blink                    Tloc           N/A          92%         2
 Call Imp                 Summ           #.......     92%         2
 Slow                     Hex            #.......     92%         2
 Call Canine Familiar     Summ           #.......     99%         3
 Conjure Flame            Conj/Fire      #.......     99%         3
 Mephitic Cloud           Conj/Pois/Air  #.......     99%         3
 Dispel Undead            Necr           #.......     100%        4


Dungeon Overview and Level Annotations

Branches:
Dungeon (7/15)             Temple (0/1) D:6         Ossuary (visited)

Altars:
Cheibriados
Wu Jian
Yredelemnul


Innate Abilities, Weirdness & Mutations

Your body is rotting away.
You thrive by killing the living.
You are immune to poison.
You have sharp fingernails.
Your flesh is cold resistant. (rC+)
You are immune to negative energy. (rN+++)
You do not regenerate when monsters are visible.
You are immune to unholy pain and torment.
You can survive without breathing.


Message History

The ogre hits you with a +0 giant club.
You punch the ogre! The ogre hits you with a +0 giant club!
You completely miss the ogre. The ogre hits you but does no damage.
You punch the ogre! You hit the ogre. The ogre barely misses you.
You hit the ogre but do no damage. You barely miss the ogre.
You punch the ogre. The ogre hits you with a +0 giant club.
You pummel the ogre!!
You kill the ogre!
Cheibriados thoroughly appreciates the change of pace.
You feel your dexterity returning.
You barely miss the orc warrior. The orc warrior closely misses you.
You closely miss the orc warrior. You hit the orc warrior.
The orc warrior hits you with a +0 dire flail!
You barely miss the orc warrior. The orc warrior barely misses you.
You completely miss the orc warrior.
The orc warrior hits you with a +0 dire flail!
You closely miss the orc warrior. You hit the orc warrior.
The orc warrior hits you with a +0 dire flail!
* * * LOW HITPOINT WARNING * * *
It was a potion of lignification.
You feel woody for a moment.
The orc warrior hits you with a +0 dire flail!
* * * LOW HITPOINT WARNING * * *
You completely miss the orc warrior. You punch the orc warrior.
You closely miss the orc warrior. Your punch misses the orc warrior.
The orc warrior hits you with a +0 dire flail!
* * * LOW HITPOINT WARNING * * *
Unknown command.
It was a potion of curing.
You feel better. You block the orc warrior's attack.
It was a potion of flight.
You feel very buoyant.
You fly up into the air.
The orc warrior curses noisily.
The orc warrior closely misses you.
It was a potion of mutation.
You feel extremely strange.
Your body decomposes!
You feel weakened.
Your body decomposes!
You feel dopey.
Your body decomposes!
You feel dopey.
The orc warrior hits you with a +0 dire flail.
* * * LOW HITPOINT WARNING * * *
You closely miss the orc warrior.
You punch the orc warrior, but do no damage.
The orc warrior hits you with a +0 dire flail!
You die...

##. #### ###
##...###..####.#
###...###.##..##.###
#...###.#....(#.##.##
..###...#..##.)##}).##
##.)..#......##...#..#
..###.(.#..###.##.}.##
#...###.#....##.##.##
#.#...###.##.###@###
#.###...###..####o#
#.# ###...#####...#
#.# #.#...##.#$#?# #.#
#.###..# #.#.# #.# #.#
#..##.#.#. ..#
#.###...#. . .# ..#
#>##..#.## #.#.
#........# . .#


You could see an orc warrior.

Vanquished Creatures
  A deep elf knight (D:7)
  An unseen horror (D:7)
  Sigmund (D:3)
  A water moccasin (D:6)
  3 sky beasts
  2 phantoms (D:7)
  3 ogres
  3 centaurs
  A scorpion (D:6)
  4 wights (D:6)
  A bullfrog zombie (D:6)
  3 hounds
  A jelly (D:5)
  2 quasits
  A centaur zombie (D:7)
  3 orc wizards
  2 iguanas
  5 worker ants
  A big kobold zombie (Ossuary)
  A hound zombie (D:6)
  8 mummies (Ossuary)
  Robin (D:2)
  A howler monkey skeleton (D:6)
  7 adders
  8 gnolls
  An ooze (D:2)
  2 worms
  A leopard gecko (D:5)
  8 orcs
  10 bats
  4 giant cockroaches
  13 goblins
  11 hobgoblins
  8 jackals
  A ball python (D:2)
  A ball python skeleton (D:6)
  6 frilled lizards
  2 hobgoblin zombies (Ossuary)
  A kobold (D:1)
  4 kobold zombies (Ossuary)
  An orc zombie (Ossuary)
  11 rats
150 creatures vanquished.

Notes
Turn   | Place    | Note
-------+----------+-------------------------------------------
     0 | D:1      | Apogee the Ghoul Monk began the quest for the Orb.
     0 | D:1      | Reached XP level 1. HP: 19/19 MP: 0/0
   209 | D:1      | Reached XP level 2. HP: 26/26 MP: 1/1
   267 | D:1      | Reached skill level 4 in Unarmed Combat
   561 | D:1      | Reached XP level 3. HP: 33/33 MP: 2/2
   979 | D:2      | Noticed Robin
  1019 | D:2      | Killed Robin
  1029 | D:2      | Reached XP level 4. HP: 26/40 MP: 3/3
  1532 | D:2      | Reached skill level 5 in Unarmed Combat
  1999 | D:3      | Reached XP level 5. HP: 47/47 MP: 4/4
  2034 | D:3      | Noticed Sigmund
  2064 | D:3      | Killed Sigmund
  2064 | D:3      | Reached skill level 5 in Fighting
  2064 | D:3      | Reached skill level 6 in Unarmed Combat
  2064 | D:3      | Reached XP level 6. HP: 56/56 MP: 5/5
  2126 | D:3      | You fall into a shaft and drop 1 floor!
  2800 | D:5      | Entered Level 5 of the Dungeon
  2883 | D:5      | Found a sand-covered staircase.
  2891 | D:5      | Reached skill level 7 in Unarmed Combat
  2913 | Ossuary  | Entered an ossuary
  2978 | Ossuary  | Reached XP level 7. HP: 29/61 MP: 6/6
  3682 | D:5      | Found a basalt altar of Yredelemnul.
  3864 | D:5      | Found a snail-covered altar of Cheibriados.
  3873 | D:5      | Reached skill level 8 in Unarmed Combat
  3990 | D:5      | Became a worshipper of Cheibriados the Contemplative
  3990 | D:5      | Reached * piety under Cheibriados
  3990 | D:5      | Reached ** piety under Cheibriados
  4143 | D:5      | Reached XP level 8. HP: 41/71 MP: 7/7
  4307 | D:5      | Found an ornate altar of the Wu Jian Council.
  4562 | D:6      | Reached skill level 9 in Unarmed Combat
  4705 | D:6      | Found a staircase to the Ecumenical Temple.
  5124 | D:6      | Reached skill level 10 in Unarmed Combat
  5316 | D:6      | Reached XP level 9. HP: 70/81 MP: 8/8
  5373 | D:6      | Reached *** piety under Cheibriados
  5741 | D:7      | Reached skill level 11 in Unarmed Combat
  5826 | D:7      | Identified the cursed +0 hunting sling of Infinite Pain
                  | {freeze, rPois rF+ MR++ Int-2}
  5826 | D:7      | Identified the ring "Ikuanich" {rF+ Dex+4}
  5827 | D:7      | Noticed a deep elf knight
  5845 | D:7      | Killed a deep elf knight
  5862 | D:7      | HP: 4/82 [something (5)]
  5865 | D:7      | Killed an unseen horror
  5865 | D:7      | Reached skill level 12 in Unarmed Combat
  5865 | D:7      | Reached XP level 10. HP: 68/91 MP: 9/9
  5872 | D:7      | Identified the Incunabulum of Supportive Evil Rituals
  6019 | D:7      | HP: 3/91 [orc warrior/+0 dire flail (12)]
  6023 | D:7      | Mangled by an orc warrior

Illustrated notes

Levels and vault maps discovered:
D:1:      ncdulo_halloftheorcs, layout_basic
D:2:      layout_rooms, minmay_misc_feat_roman, uniq_robin
D:3:      layout_basic, lemuel_doored_altar, st_stairs_11, uniq_sigmund
D:4:      layout_loops_ring, minivault_19
D:5:      layout_cave_pools, grunt_temple_overflow_open,
          lemuel_coloured_pillars_altar, enter_ossuary_2
D:6:      layout_cave_pods, minmay_temple_entry_slanted, serial_column_ruins,
          column_ruins_circle_small, column_ruins_circle_small,
          column_ruins_open_large, column_ruins_grid_1, column_ruins_open_tiny,
          column_ruins_grid_1, column_ruins_open_tiny
D:7:      minmay_the_grid_four_pointed_star
          [minmay_the_grid_triangle_9x9_shrine,
          minmay_the_grid_triangle_9x9_stretched_checkered,
          minmay_the_grid_triangle_9x9_alien,
          minmay_the_grid_triangle_9x9_limited_checkers,
          minmay_the_grid_prize_diamond_cup], layout_loops_ring,
          vehumet_altar_wand_db, uniq_crazy_yiuf_cottage

Skill      XL: |  1  2  3  4  5  6  7  8  9 |
---------------+----------------------------+-----
Unarmed Combat | 4 5 6 7 8 10 12 | 12.5
Fighting       | 4 5 6 7 9 |  9.4
Dodging        | |  2.6
Stealth        | |  2.1

Action                   |  1- 3 |  4- 6 |  7- 9 | 10-12 || total
-------------------------+-------+-------+-------+-------++-------
Melee: Unarmed           |   126 |   174 |   293 |    17 ||   610
       Punch             |     1 |     3 |    18 |     3 ||    25
  Use: Potion            |       |     3 |     7 |     4 ||    14
 Stab: Sleeping          |     2 |       |       |       ||     2
       Invisible         |       |     1 |     2 |       ||     3
Armor: Robe              |    16 |       |       |       ||    16
       Chain mail        |    31 |   100 |   147 |     1 ||   279
Dodge: Dodged            |    61 |    86 |    94 |     4 ||   245
Block: Other             |       |       |    45 |     1 ||    46
       Reflection        |       |       |     3 |       ||     3

Table legend: (Time is in decaauts)
 A = Elapsed time spent in this place.
 B = Non-inter-level travel time spent in this place.
 C = Inter-level travel time spent in this place.
 D = Time resting spent in this place.
 E = Time spent auto-exploring this place.
 F = Levels seen in this place.
 G = Mean time per level.
                   A        B        C        D        E       F      G
               +--------+--------+--------+--------+--------+-----+--------+
         Total |   6553 |   6421 |    132 |    938 |   4203 |   8 |  819.1 |
       Dungeon |   5827 |   5695 |    132 |    729 |   3848 |   7 |  832.4 |
       Ossuary |    725 |    725 |      0 |    209 |    355 |   1 |  725.0 |
               +--------+--------+--------+--------+--------+-----+--------+

Top non-repeatable levels by time:
     D:6: 1466 daAuts
     D:5: 979 daAuts
     D:1: 925 daAuts
     D:4: 826 daAuts
     D:2: 813 daAuts
 Ossuary: 725 daAuts
     D:7: 450 daAuts
     D:3: 366 daAuts
